 Dungeon Crawl Stone Soup version 0.31-a0-152-g6aa68a64a1 (webtiles) character file.

Game seed: 12663115332942618577

1755 comborobin the Nimble (level 8, -6/45 HPs)
             Began as a Deep Elf Delver on June 10, 2023.
             Splashed by a jelly's acid (9 damage)
             ... on level 6 of the Dungeon.
             The game lasted 00:04:51 (3573 turns).

comborobin the Nimble (Deep Elf Delver)             Turns: 3573, Time: 00:04:51

Health: -6/45      AC: 18    Str: 11 (13) XL:     8   Next: 78%
Magic:  10/10      EV:  3    Int: 24 (26) God:
Gold:   149        SH:  0    Dex: 12 (14) Spells: 7/7 levels left

rFire   . . .        a - +6 short sword "Somnuser" {vamp, rPois Str+4 Stlth+}
rCold   . . .        (no shield)
rNeg    . . .        i - +6 plate armour of Fun and Games {rElec Int+10 Dex-4 Slay+3}
rPois   +            (no helmet)
rElec   +            (no cloak)
rCorr   .            (no gloves)
SInv    .            n - +1 pair of boots
Will    .....        (no amulet) Stlth
                     (no ring)
HPRegen 0.27/turn    (no ring)
MPRegen 0.12/turn

%: no passive effects
@: lethally poisoned (-6 -> -8), attractive
A: no striking features
a: no special abilities


You were on level 6 of the Dungeon.
You visited 1 branch of the dungeon, and saw 6 of its levels.

You collected 149 gold pieces.

Inventory:

Hand Weapons
 a - the +6 short sword "Somnuser" (weapon) {vamp, rPois Str+4 Stlth+}
   (You found it on level 2 of the Dungeon)

   Str:       It affects your strength (+4).
   rPois:     It protects you from poison.
   Stlth:     It makes you more stealthy.
 f - the +8 mace of Quick Death {protect, rF- rC++ Int+2 Dex+3}
   (You found it on level 3 of the Dungeon)

   Int:       It affects your intelligence (+2).
   Dex:       It affects your dexterity (+3).
   rF:        It makes you vulnerable to fire.
   rC:        It greatly protects you from cold.
 k - a +0 short sword
Armour
 b - a +0 leather armour
 i - the +6 plate armour of Fun and Games (worn) {rElec Int+10 Dex-4 Slay+3}
   (You found it on level 2 of the Dungeon)

   Int:       It affects your intelligence (+10).
   Dex:       It affects your dexterity (-4).
   Slay:      It affects your accuracy & damage with ranged weapons and melee
   (+3).
   rElec:     It insulates you from electricity.
 n - a +1 pair of boots (worn)
Wands
 g - a wand of digging (3)
Scrolls
 c - a scroll of fog
 d - a scroll of magic mapping
 e - a scroll of fear
 l - 3 scrolls of identify {unknown}
 m - a scroll of silence {unknown}
 o - a scroll of butterflies {unknown}
 q - a scroll of noise {unknown}
 s - 3 scrolls of immolation {unknown}
 u - a scroll of enchant armour {unknown}
Potions
 j - a potion of attraction


   Skills:
 - Level 2.4 Fighting
 * Level 8.1 Short Blades
 - Level 1.1 Maces & Flails
 - Level 2.0 Armour
 + Level 9.2 Dodging
 - Level 6.0 Stealth


You had 7 spell levels left.
You didn't know any spells.
Your spell library contained the following spells:

 Spells                   Type           Power      Damage    Failure   Level
 Magic Dart               Conj           0%         1d3       100%        1
 Call Imp                 Summ           0%         N/A       100%        2
 Gell's Gravitas          Tloc           0%         N/A       100%        3
 Mephitic Cloud           Conj/Pois/Air  0%         N/A       100%        3
 Teleport Other           Tloc           0%         N/A       100%        3
 Dispersal                Tloc           0%         N/A       100%        6


Dungeon Overview and Level Annotations

Branches:
Dungeon (6/15)             Temple (0/1) D:5

Altars:
Elyvilon
Hepliaklqana
Xom

Shops:
D:4 :


Message History

The water moccasin bites you but does no damage.
You barely miss the water moccasin. The orc hits you but does no damage.
The water moccasin bites you.
* * * LOW HITPOINT WARNING * * *
You are poisoned.
The water moccasin poisons you!
You hit the water moccasin.
The water moccasin is lightly wounded.
You feel sick. The orc completely misses you.
You puncture the water moccasin!
The water moccasin is heavily wounded.
You feel sick.
The water moccasin bites you but does no damage.
You hit the water moccasin.
The water moccasin is severely wounded.
You feel sick.
The water moccasin bites you but does no damage.
The orc hits you but does no damage.
You puncture the water moccasin!
The water moccasin is almost dead.
You feel sick. The water moccasin barely misses you.
You puncture the water moccasin!
You feel better.
You kill the water moccasin!
You feel sick. The orc hits you but does no damage.
Your Short Blades skill increases to level 8!
You puncture the orc!
You feel better.
You kill the orc!
You feel sick. The orc hits you with a +0 dagger.
* * * LOW HITPOINT WARNING * * *
Okay, then.
You feel sick. The orc hits you but does no damage.
You climb downwards.
You feel sick.
The shadow imp shouts!
The jelly hits you but does no damage. The wight hits you but does no damage.
The wight hits you with a +0 battleaxe.
* * * LOW HITPOINT WARNING * * *
The jelly hits you.
* * * LOW HITPOINT WARNING * * *
You are splashed with acid!
You die...

## ##
##.♣.## #
..... #
#.♣...♣.#
#...z...##
#..J@o...#
#.........#
#..♣...♣..#
#. ...5. .#
# ...♣..# #
### ##..
.(# <.# ##.
... #..# ..
$#.. #....


You could see a jelly, a wight, a shadow imp and an orc.

Vanquished Creatures
  Grinder (D:3)
  2 water moccasins (D:5)
  3 orc warriors (D:5)
  4 phantoms
  A bullfrog (D:5)
  3 scorpions
  A howler monkey (D:4)
  2 hounds
  An orc priest (D:5)
  3 orc wizards
  Jessica (D:2)
  3 iguanas
  6 gnolls
  7 adders
  3 worms
  A dart slug (D:3)
  21 orcs
  3 endoplasms
  A giant cockroach (D:3)
  10 goblins
  6 hobgoblins
  6 jackals
  4 quokkas
  3 ball pythons
  2 bats
  3 frilled lizards (D:3)
  5 kobolds
  9 rats
115 creatures vanquished.

Notes
Turn   | Place    | Note
-------+----------+-------------------------------------------
     0 | D:5      | comborobin the Deep Elf Delver began the quest for the Orb.
     0 | D:5      | Reached XP level 1. HP: 13/13 MP: 3/3
    40 | D:5      | Reached XP level 2. HP: 18/18 MP: 4/4
    56 | D:5      | Reached XP level 3. HP: 22/22 MP: 5/5
    69 | D:4      | Noticed a scorpion
   205 | D:3      | Identified the +8 mace of Quick Death {protect, rF- rC++
                  | Int+2 Dex+3}
   248 | D:3      | Found a faded altar of an unknown god.
   334 | D:3      | Reached skill level 3 in Dodging
   335 | D:3      | Reached XP level 4. HP: 27/27 MP: 6/6
   497 | D:3      | Reached skill level 4 in Dodging
   597 | D:3      | Noticed Grinder
   620 | D:3      | Killed Grinder
   621 | D:3      | Reached skill level 6 in Dodging
   621 | D:3      | Reached XP level 5. HP: 27/31 MP: 7/7
   621 | D:3      | Reached XP level 6. HP: 31/36 MP: 8/8
  1528 | D:3      | Reached skill level 1 in Maces & Flails
  1528 | D:3      | Reached skill level 7 in Dodging
  1605 | D:2      | Found a hazy altar of Hepliaklqana.
  1615 | D:2      | Identified the +6 short sword "Somnuser" {vamp, rPois Str+4
                  | Stlth+}
  1811 | D:2      | Noticed Jessica
  1815 | D:2      | Killed Jessica
  1817 | D:2      | Identified the +6 plate armour of Fun and Games {rElec
                  | Int+10 Dex-4 Slay+3}
  2179 | D:4      | Reached XP level 7. HP: 40/40 MP: 9/9
  2194 | D:4      | Reached skill level 5 in Short Blades
  2555 | D:4      | Found Omaomnil's Book Boutique.
  2835 | D:5      | Found a staircase to the Ecumenical Temple.
  2874 | D:5      | Reached skill level 8 in Dodging
  2900 | D:5      | Reached XP level 8. HP: 42/45 MP: 10/10
  2911 | D:5      | Found a shimmering altar of Xom.
  2996 | D:5      | Reached skill level 1 in Armour
  3330 | D:5      | Found a white marble altar of Elyvilon.
  3557 | D:5      | Reached skill level 9 in Dodging
  3573 | D:6      | Splashed by a jelly's acid

Illustrated notes

Levels and vault maps discovered:
D:1:      heliophobic_arrival_battle_scene, layout_basic, dk_noncrumbling_2
D:2:      layout_basic, basic_altar, uniq_jessica
D:3:      cheibrodos_greedy_goblins, layout_loops_ring,
          hellmonk_ecumenical_altar_heavens_door, gup_sewer_entry_bubbles,
          hangedman_decor_points, uniq_grinder
D:4:      layout_basic, serial_shops, nicolae_diamond_shop
D:5:      layout_loops_cross, minmay_temple_entry_enclosed_plants,
          nicolae_ossuary_entry_plus, dk_noncrumbling_4,
          hangedman_feature_mirror, amcnicky_mini_corridor_feature
D:6:      gammafunk_cloud_chamber, layout_rooms, mainiacjoe_overflow_big_doors,
          serial_rivers, chequers_serial_rivers_room_a,
          chequers_serial_rivers_micro_e, chequers_serial_rivers_micro_c,
          chequers_serial_rivers_micro_c, grunt_ministairs_2

Skill      XL: |  1  2  3  4  5  6  7  8 |
---------------+-------------------------+-----
Short Blades   | 3 4 6 8 |  8.1
Dodging        | 3 6 7 8 9 |  9.2
Maces & Flails | 1 |  1.1
Armour         | 2 |  2.0
Fighting       | |  2.4
Stealth        | |  6.0

Action                     |  1- 3 |  4- 6 |  7- 9 || total
---------------------------+-------+-------+-------++-------
  Melee: Short sword       |    24 |    27 |   202 ||   253
         Mace              |    14 |   136 |       ||   150
         Punch             |       |     4 |     2 ||     6
    Use: Potion            |       |     4 |     4 ||     8
         Scroll            |       |       |     1 ||     1
   Stab: Sleeping          |     8 |    11 |       ||    19
 Armour: Leather armour    |     8 |    38 |       ||    46
         Plate armour      |       |    12 |   129 ||   141
  Dodge: Dodged            |    19 |   111 |    30 ||   160

Table legend: (Time is in decaauts)
 A = Elapsed time spent in this place.
 B = Non-inter-level travel time spent in this place.
 C = Inter-level travel time spent in this place.
 D = Time resting spent in this place.
 E = Time spent auto-exploring this place.
 F = Levels seen in this place.
 G = Mean time per level.
                   A        B        C        D        E       F      G
               +--------+--------+--------+--------+--------+-----+--------+
         Total |   3566 |   3344 |    222 |     75 |   2376 |   6 |  594.3 |
       Dungeon |   3566 |   3344 |    222 |     75 |   2376 |   6 |  594.3 |
               +--------+--------+--------+--------+--------+-----+--------+

Top non-repeatable levels by time:
     D:3: 1166 daAuts
     D:5: 889 daAuts
     D:2: 769 daAuts
     D:4: 714 daAuts
     D:1: 17 daAuts
     D:6: 9 daAuts
